 Dungeon Crawl Stone Soup version 0.30-a0-322-g102857c98e (webtiles) character file.

Game seed: 8832604190164545982

49 IdlyInterested the Magician (level 3, -1/30 HPs)
             Began as a Demonspawn Wanderer on Oct 27, 2022.
             Slain by a goblin
             ... wielding a +0 club
             ... led by Robin
              (6 damage)
             ... on level 2 of the Dungeon.
             The game lasted 00:07:16 (1522 turns).

IdlyInterested the Magician (Demonspawn Wanderer)   Turns: 1522, Time: 00:07:16

Health: -1/30      AC: 10    Str: 16    XL:     3   Next: 51%
Magic:  8/8        EV:  6    Int: 14    God:
Gold:   74         SH:  0    Dex:  9    Spells: 10/10 levels left

rFire   . . .      SeeInvis .    a - +0 club
rCold   + . .      Faith    .    (no shield)
rNeg    . . .      Spirit   .    h - +0 chain mail
rPois   .          Reflect  .    (no helmet)
rElec   .          Harm     .    (no cloak)
rCorr   +          Rampage  .    (no gloves)
Will    .....                    (no boots)
Stlth   ..........               (no amulet)
HPRegen 0.25/turn                m - ring of protection from cold
MPRegen 0.11/turn                l - ring of resist corrosion

@: attractive
A: icy blue scales 1, demonic magic 1
a: no special abilities


You were on level 2 of the Dungeon.
You visited 1 branch of the dungeon, and saw 2 of its levels.

You collected 74 gold pieces.

Inventory:

Hand Weapons
 a - a +0 club (weapon)
 j - a +0 dagger
Missiles
 o - 3 poisoned darts (quivered)
Armour
 c - a +0 robe
 g - a +1 plate armour
 h - a +0 chain mail (worn)
 i - a +0 leather armour
 r - a +0 ring mail
Jewellery
 l - a ring of resist corrosion (right hand)
 m - a ring of protection from cold (left hand)
Scrolls
 b - a scroll of butterflies
 k - a scroll of noise {unknown}
 p - 3 scrolls of enchant weapon {unknown}
Potions
 d - 2 potions of lignification
 e - a potion of resistance
 n - a potion of brilliance
 q - a potion of attraction


   Skills:
 * Level 3.7 Fighting
 + Level 1.4 Armour
 - Level 4.0 Spellcasting
 - Level 1.7 Fire Magic


You had 10 spell levels left.
You didn't know any spells.
Your spell library contained the following spells:

 Spells                   Type           Power      Damage    Failure   Level
 Foxfire                  Conj/Fire      20%        2x1d5     95%         1
 Necrotise                Necr           8%         1d4       98%         1
 Sting                    Tmut/Pois      8%         1d3       98%         1
 Cigotuvi's Dreadful Rot  Necr/Pois/Air  4%         N/A       99%         2
 Hailstorm                Conj/Ice       2%         3d3       100%        3
 Kindle Blastsparks       Fire/Tloc/Air  8%         2d10      100%        3


Dungeon Overview and Level Annotations

Branches:
Dungeon (2/15)

Altars:

Annotations:
D:2 Robin


Innate Abilities, Weirdness & Mutations

You are partially covered in icy blue scales. (AC +2)
Spells you cast may paralyse adjacent enemies.


Message History

You hit the goblin.
The goblin is severely wounded.
The goblin hits you but does no damage. The goblin barely misses you.
The goblin hits you with a +0 club.
You hit the goblin.
You kill the goblin!
The goblin hits you with a +0 club.
You closely miss the goblin.
The goblin hits you but does no damage. x2
You barely miss the goblin.
Robin roars a battlecry!
The goblin completely misses you. The goblin hits you but does no damage.
The goblin barely misses you.
Robin says, "Bow before me, strongest of all the hobgoblins!"
The goblin hits you but does no damage.
You barely miss the goblin. The goblin completely misses you.
The goblin hits you with a +0 club.
You barely miss the goblin.
The goblin no longer looks unusually strong.
The goblin hits you but does no damage. x2
You hit the goblin but do no damage.
The goblin no longer looks unusually strong.
Robin roars a battlecry!
The goblins go into a battle-frenzy!
The goblin hits you with a +0 club. x2; The goblin barely misses you.
The goblin hits you with a +0 club.
* * * LOW HITPOINT WARNING * * *
It was a potion of attraction.
You feel attractive to monsters. The goblin hits you with a +0 club.
* * * LOW HITPOINT WARNING * * *
The goblin hits you but does no damage.
You feel better.
The goblin no longer looks unusually strong.
The goblin hits you with a +0 club.
* * * LOW HITPOINT WARNING * * *
The goblin hits you but does no damage.
You closely miss the goblin.
The goblin no longer looks unusually strong.
The goblin hits you but does no damage. The goblin hits you with a +0 club.
You die...

..# #.......~~~~....#
..###+##.#..~~~~8...#
##..........~~~~...##
#.(....<#........##
#.......##......##
#.....(...>###..#
#.........## ##.#
#......##.. #g#
#...... ##.# #@#
####### .. #g# ## #g#


gg# ##.# #.. ... ... .### You could see Robin and 4 goblins.

Vanquished Creatures
  A worm (D:2)
  A dart slug (D:1)
  5 endoplasms
  A giant cockroach (D:1)
  9 goblins
  3 hobgoblins
  4 jackals (D:2)
  2 ball pythons
  5 bats
  4 frilled lizards (D:1)
  A kobold (D:1)
  3 rats
39 creatures vanquished.

Notes
Turn   | Place    | Note
-------+----------+-------------------------------------------
     0 | D:1      | IdlyInterested the Demonspawn Wanderer began the quest for
                  | the Orb.
     0 | D:1      | IdlyInterested set off with the following items: a +0 club,
                  | a scroll of butterflies, a +0 robe, a potion of
                  | lignification; and the following spells available to
                  | memorise: Foxfire, Necrotise, Sting, Cigotuvi's Dreadful
                  | Rot, Kindle Blastsparks, Hailstorm.
     0 | D:1      | Reached XP level 1. HP: 16/16 MP: 5/5
   151 | D:1      | Gained mutation: You are partially covered in icy blue
                  | scales. (AC +2) [demonic ancestry]
   151 | D:1      | Reached XP level 2. HP: 14/23 MP: 7/7
   699 | D:1      | Found a faded altar of an unknown god.
  1053 | D:2      | Noticed Robin
  1339 | D:2      | Gained mutation: Spells you cast may paralyse adjacent
                  | enemies. [demonic ancestry]
  1339 | D:2      | Reached XP level 3. HP: 29/29 MP: 8/8
  1522 | D:2      | Slain by a goblin

Illustrated notes

Levels and vault maps discovered:
D:1:      lightli_arrival_lavapool, layout_basic, basic_ecumenical_altar,
          serial_park_tiny_pond, amethyst_killhole
D:2:      layout_basic, serial_park_tiny_pond, uniq_robin

Skill      XL: |  1  2 |
---------------+-------+-----
Fighting       | 3 |  3.7
Armour         | |  1.4
Spellcasting   | |  4.0
Fire Magic     | |  1.7

Action                   || total
-------------------------++-------
Melee: Club              ||   168
       Punch             ||     1
  Use: Scroll            ||     5
       Potion            ||     2
Armor: Robe              ||     6
       Chain mail        ||   145
Dodge: Dodged            ||    83

Table legend: (Time is in decaauts)
 A = Elapsed time spent in this place.
 B = Non-inter-level travel time spent in this place.
 C = Inter-level travel time spent in this place.
 D = Time resting spent in this place.
 E = Time spent auto-exploring this place.
 F = Levels seen in this place.
 G = Mean time per level.
                   A        B        C        D        E       F      G
               +--------+--------+--------+--------+--------+-----+--------+
         Total |   1573 |   1337 |    236 |    131 |    729 |   2 |  786.5 |
       Dungeon |   1573 |   1337 |    236 |    131 |    729 |   2 |  786.5 |
               +--------+--------+--------+--------+--------+-----+--------+

Top non-repeatable levels by time:
     D:1: 1212 daAuts
     D:2: 360 daAuts
